 Dungeon Crawl Stone Soup version 0.29-a0-330-g52719c12eb (webtiles) character file.

Game seed: 13428722146601387552

56 magipi the Poker (level 3, -2/34 HPs)
             Began as a Minotaur Cinder Acolyte on May 28, 2022.
             Was a High Priest of Ignis.
             Slain by a gnoll
             ... wielding a +0 halberd
              (14 damage)
             ... on level 2 of the Dungeon.
             The game lasted 00:03:40 (1514 turns).

magipi the Poker (Minotaur Cinder Acolyte)          Turns: 1514, Time: 00:03:40

Health: -2/34      AC:  8    Str: 18    XL:     3   Next: 71%
Magic:  3/3        EV:  6    Int: 11    God:    Ignis [*****.]
Gold:   41         SH:  0    Dex:  7    Spells: 4/4 levels left

rFire   + . .      SeeInvis .   a - -1 spear (flame)
rCold   . . .      Faith    .   (no shield)
rNeg    . . .      Spirit   .   i - +0 chain mail
rPois   .          Reflect  .   (helmet restricted)
rElec   .          Harm     .   (no cloak)
rCorr   .          Rampage  .   (no gloves)
Will    .....                   (no boots)
Stlth   ..........              (no amulet)
HPRegen 0.11/turn               (no ring)
MPRegen 0.08/turn               (no ring)

@: no status effects
A: horns 2, retaliatory headbutt
a: Renounce Religion, Fiery Armour, Foxfire Swarm, Rising Flame


You were on level 2 of the Dungeon.
You worshipped Ignis.
Ignis was extremely pleased with you.
You visited 1 branch of the dungeon, and saw 2 of its levels.

You collected 41 gold pieces.

Inventory:

Hand Weapons
 a - a -1 spear of flaming (weapon)
 f - a +0 spear
   (You found it on level 1 of the Dungeon)
Missiles
 b - 6 poisoned darts (quivered)
Armour
 i - a +0 chain mail (worn)
   (You found it on level 1 of the Dungeon)
Scrolls
 c - a scroll of immolation {unknown}
 d - 3 scrolls of magic mapping {unknown}
 e - a scroll of blinking {unknown}
 g - a scroll of torment {unknown}
 h - a scroll of teleportation {unknown}
 j - a scroll of identify {unknown}


   Skills:
 + Level 4.3 Fighting
 * Level 5.0 Polearms
 + Level 0.7 Throwing
 - Level 1.0 Spellcasting
 - Level 2.1 Fire Magic


You had 4 spell levels left.
You didn't know any spells.
Your spell library contained the following spells:

 Spells                   Type           Power      Damage    Failure   Level
 Scorch                   Fire           10%        2d5       97%         2
 Blink                    Tloc           0%         N/A       100%        2
 Lesser Beckoning         Tloc           0%         N/A       100%        3
 Manifold Assault         Tloc           0%         N/A       100%        5


Dungeon Overview and Level Annotations

Branches:
Dungeon (2/15)

Altars:


Innate Abilities, Weirdness & Mutations

You have a pair of horns on your head.
You reflexively headbutt those who attack you in melee.


Message History

The hobgoblin shouts!
The hobgoblin completely misses you.
You closely miss the hobgoblin. You headbutt the hobgoblin.
You kill the hobgoblin!
You see here a hobgoblin corpse.
Found a stone staircase leading up.
There is a stone staircase leading up here.
You now have 41 gold pieces (gained 8).
Found a hunting sling.
You see here a +0 hunting sling.
You see here a hobgoblin corpse.
There is a stone staircase leading down here.
As you open the door, it creaks loudly!
There is an open door here.
A hobgoblin comes into view.
The hobgoblin hits you.
You hit the hobgoblin but do no damage. The hobgoblin barely misses you.
You hit the hobgoblin. You burn the hobgoblin.
The hobgoblin is almost dead.
You hit the hobgoblin. You burn the hobgoblin.
You kill the hobgoblin!
A giant cockroach comes into view.
The giant cockroach bites you but does no damage.
You closely miss the giant cockroach.
Your headbutt misses the giant cockroach.
The giant cockroach closely misses you.
You hit the giant cockroach. You burn the giant cockroach.
Your headbutt misses the giant cockroach.
The giant cockroach is severely wounded.
The giant cockroach closely misses you.
You hit the giant cockroach. You burn the giant cockroach.
You kill the giant cockroach!
You see here a giant cockroach corpse.
Found a stone staircase leading up.
Unknown command.
A kobold comes into view. It is wielding a +0 short sword.
The kobold shouts!
You reach to attack!
You barely miss the kobold. You hit the kobold. You burn the kobold.
You kill the kobold!
Your Polearms skill increases to level 5!
Things that are here:
a +0 short sword; 3 stones; a kobold corpse A gnoll comes into view.
It is wielding a +0 halberd.
A ball python comes into view.
The gnoll shouts!
The ball python hisses angrily.
A kobold comes into view. It is wielding a +1 dagger of venom.
Things that are here:
a +0 short sword; 3 stones; a kobold corpse The kobold shouts!
You hear a shout!
You hit the ball python. You burn the ball python.
You kill the ball python!
You reach to attack!
You barely miss the kobold.
You reach to attack!
You hit the kobold. You burn the kobold.
The kobold is heavily wounded.
You barely miss the kobold.
The kobold is heavily wounded.
The kobold barely misses you. You furiously retaliate!
You headbutt the kobold.
You kill the kobold!
You reach to attack!
You hit the gnoll. You burn the gnoll.
The gnoll is lightly wounded.
The gnoll hits you from afar with a +0 halberd!
You reach to attack!
You hit the gnoll. You burn the gnoll.
The gnoll is moderately wounded.
The gnoll hits you from afar with a +0 halberd!
You are too injured to fight recklessly!
You are too injured to fight recklessly!
You are too injured to fight recklessly!
There is an open door here.
You see here a hobgoblin skeleton.
There is a stone staircase leading up here.
You climb upwards.
There is a stone staircase leading down here.
You start resting.
HP restored.
You climb downwards.
The gnoll barely misses you.
There is a stone staircase leading up here.
You reach to attack!
You barely miss the gnoll.
The gnoll hits you from afar with a +0 halberd.
You reach to attack!
You puncture the gnoll! You burn the gnoll.
The gnoll is heavily wounded.
The gnoll hits you from afar with a +0 halberd.
You reach to attack!
You closely miss the gnoll.
The gnoll is heavily wounded.
The gnoll hits you from afar with a +0 halberd.
You reach to attack!
You completely miss the gnoll.
The gnoll is heavily wounded.
The gnoll barely misses you.
You reach to attack!
You barely miss the gnoll.
The gnoll is heavily wounded.
The gnoll barely misses you.
You reach to attack!
You hit the gnoll. You burn the gnoll.
The gnoll is almost dead.
You reach to attack!
You barely miss the gnoll.
The gnoll is almost dead.
The gnoll hits you from afar with a +0 halberd!
You are too injured to fight recklessly!
You are too injured to fight recklessly!
The gnoll hits you from afar with a +0 halberd!
You die...

######## ##### ##### #####...#
#...# #...#.#.#
#.#.#######.#.#.#g#
#.#....##...#.#.#.#
#)####.##.###.#g#.############
#.#..#.##....@#.#..........รท..
#....#.........g##############
###....#.#.#.#### ####.#.....#
#.##.#### #....# ######


You could see a gnoll.

Vanquished Creatures
  A worm (D:2)
  2 dart slugs
  7 ball pythons
  3 bats
  4 endoplasms (D:2)
  3 giant cockroaches (D:2)
  5 goblins
  5 hobgoblins
  4 jackals (D:1)
  4 kobolds (D:2)
  3 quokkas (D:1)
  A frilled lizard (D:1)
  2 rats (D:1)
44 creatures vanquished.

Notes
Turn   | Place    | Note
-------+----------+-------------------------------------------
     0 | D:1      | magipi the Minotaur Cinder Acolyte began the quest for the
                  | Orb.
     0 | D:1      | Reached XP level 1. HP: 19/19 MP: 1/1
   107 | D:1      | Reached skill level 4 in Polearms
   262 | D:1      | Reached XP level 2. HP: 27/27 MP: 2/2
   860 | D:2      | Reached XP level 3. HP: 30/33 MP: 3/3
  1312 | D:2      | Reached skill level 5 in Polearms
  1514 | D:2      | Slain by a gnoll

Illustrated notes

Levels and vault maps discovered:
D:1:      arrival_zaba_pyramid, layout_basic
D:2:      layout_basic

Skill      XL: |  1  2  3 |
---------------+----------+-----
Polearms       | 4 5 |  5.0
Fighting       | 4 |  4.3
Throwing       | |  0.7
Spellcasting   | |  1.0
Fire Magic     | |  2.1

Action                   || total
-------------------------++-------
Melee: Spear             ||   107
       Headbutt          ||     7
       Punch             ||     1
Armor: Robe              ||     7
       Chain mail        ||     9
Dodge: Dodged            ||    38

Table legend: (Time is in decaauts)
 A = Elapsed time spent in this place.
 B = Non-inter-level travel time spent in this place.
 C = Inter-level travel time spent in this place.
 D = Time resting spent in this place.
 E = Time spent auto-exploring this place.
 F = Levels seen in this place.
 G = Mean time per level.
                   A        B        C        D        E       F      G
               +--------+--------+--------+--------+--------+-----+--------+
         Total |   1500 |   1450 |     50 |    194 |    715 |   2 |  750.0 |
       Dungeon |   1500 |   1450 |     50 |    194 |    715 |   2 |  750.0 |
               +--------+--------+--------+--------+--------+-----+--------+

Top non-repeatable levels by time:
     D:1: 889 daAuts
     D:2: 611 daAuts
